[Event "*** Titled Tuesday Blitz"]
[Site "Chess.com"]
[Date "2021.04.20"]
[Round "11"]
[White "MerryPoppies"]
[Black "Klavdia_Nik"]
[Result "1-0"]
[WhiteElo "2133"]
[BlackElo "2047"]
[TimeControl "180+1"]
[EndTime "12:05:51 PDT"]
[Termination "MerryPoppies won on time"]

1. d4 Nf6 2. c4 c5 3. e3 b6 4. Nf3 Bb7 5. Nc3 g6 6. Be2 Bg7 7. O-O O-O 8. d5 d6 9. e4 b5 10. cxb5 a6 11. bxa6 Bxa6 12. Rb1 Ng4 13. h3 Ne5 14. a3 Nxf3+ 15. gxf3 Qa5 16. Bd2 Bxe2 17. Nxe2 Qb6 18. Bc3 f6 19. f4 Nd7 20. Ng3 Rfb8 21. Re1 Qb3 22. Qg4 Nf8 23. e5 Qxd5 24. exd6 exd6 25.
Rbd1 Qc6 26. f5 d5 27. fxg6 hxg6 28. h4 d4 29. Bd2 Rxb2 30. h5 Qc8 31. Qe4 1-0

[Event "*** Titled Tuesday Blitz"]
[Site "Chess.com"]
[Date "2021.04.20"]
[Round "11"]
[White "TimofeevAr"]
[Black "VMikhalevski"]
[Result "1-0"]
[WhiteElo "2826"]
[BlackElo "2714"]
[TimeControl "180+1"]
[EndTime "12:05:52 PDT"]
[Termination "TimofeevAr won by resignation"]

1. c4 Nf6 2. b3 g6 3. Bb2 Bg7 4. e4 d6 5. d3 O-O 6. Nf3 c5 7. Nc3 Nc6 8. h3 Nd7 9. Be2 Nde5 10. O-O Nxf3+ 11. Bxf3 Nd4 12. Be2 f5 13. exf5 Bxf5 14. Bg4 Qd7 15. Bxf5 Rxf5 16. Qd2 Raf8 17. f4 Bh6 18. g3 g5 19. Nd5 gxf4 20. g4 R5f7 21. Rae1 e6 22. Nc3 Kg7 23. Ne4 Kg8 24. Bxd4 cxd4 25.
Rf3 b6 26. Qe2 e5 27. Kh2 Bg7 28. Rg1 Kh8 29. b4 Rg8 30. b5 Bf8 31. a4 Be7 32. Rf2 Bh4 33. Rff1 Qe7 34. Qf3 Rgf8 35. Ra1 Bg3+ 36. Kg2 Qd8 37. Rgc1 Bh4 38. Kh2 Rc7 39. a5 bxa5 40. Rg1 d5 41. cxd5 Qxd5 42. g5 Rc2+ 43. Kh1 Rfc8 44. g6 Rg8 45. Qh5 Qd7 46. Qxh4 Rg7 47. gxh7 Rc8 48. Rxg7 Qxg7 49. Rg1 Qf7 50. Qf6+ 1-0

[Event "*** Titled Tuesday Blitz"]
[Site "Chess.com"]
[Date "2021.04.20"]
[Round "11"]
[White "VladaSviridova"]
[Black "PotapovaM"]
[Result "0-1"]
[WhiteElo "2282"]
[BlackElo "2487"]
[TimeControl "180+1"]
[EndTime "12:05:52 PDT"]
[Termination "PotapovaM won on time"]

1. d4 Nf6 2. c4 e6 3. Nf3 d5 4. Nc3 Bb4 5. Bg5 h6 6. Bxf6 Qxf6 7. e3 O-O 8. Rc1 c5 9. dxc5 dxc4 10. Bxc4 Nd7 11.
O-O Bxc3 12. Rxc3 Nxc5 13. Qc2 b6 14. b4 Nd7 15. Bb5 a6 16. Bc6 Rb8 17. Rd1 Ne5 18. Nxe5 Qxe5 19. f4 Qf6 20. Rc4 e5 21. Qc3 Be6 22.
fxe5 Qg5 23. Rf4 Rbc8 24. h4 Qe7 25. Rd6 Rfd8 26. Qd4 Qc7 27. Bf3 Qc1+ 28. Kh2 Rf8 29. Bg4 Bxg4 30. Rxg4 h5 31. Rf4 b5 32. Rd7 Rc4 33. Qd6 Rxf4 34. exf4 Qxf4+ 35. Kh3 Qg4+ 36. Kh2 Qxh4+ 37. Kg1 Rc8 38. Qd1 Qg5 39. Rd5 Rc1 40. Rd8+ Kh7 0-1

[Event "*** Titled Tuesday Blitz"]
[Site "Chess.com"]
[Date "2021.04.20"]
[Round "11"]
[White "4empechement"]
[Black "klimkoj"]
[Result "0-1"]
[WhiteElo "2476"]
[BlackElo "2621"]
[TimeControl "180+1"]
[EndTime "12:05:53 PDT"]
[Termination "klimkoj won on time"]

1. e4 c5 2. Nf3 d6 3. Bb5+ Bd7 4. Bxd7+ Nxd7 5. O-O Ngf6 6. Re1 g6 7. c3 Bg7 8. d4 cxd4 9. cxd4 O-O 10. Nc3 e5 11. d5 a6 12. a4 Nh5 13. Qd3 Nf4 14. Bxf4 exf4 15. Rac1 g5 16. h3 h5 17. Qd2 g4 18. hxg4 hxg4 19. Nh2 g3 20. Nf3 Ne5 21. fxg3 fxg3 22. Rcd1 Nxf3+ 23. gxf3 Qh4 24. Qg2 Bxc3 25.
bxc3 f6 26. Rd4 Rac8 27. e5 Qh2+ 28. Qxh2 gxh2+ 29. Kxh2 fxe5 30. Rg4+ Kf7 31. Rb1 Rxc3 32. Rxb7+ Kf6 33. Rd7 Rxf3 34. Rxd6+ Kf5 35. Rg7 Ke4 36. Kg2 Rf2+ 37. Kg1 Rf1+ 38. Kg2 R8f2+ 39. Kg3 Ra2 40. Re7 Rf3+ 41. Kg4 Rg2+ 42. Kh4 Rf1 43. Kh3 Rg8 44. Kh2 Rf2+ 45. Kh3 Rf3+ 46. Kh2 Ke3 47. Rde6 Kf2 48.
Rh6 Rg2+ 0-1

[Event "*** Titled Tuesday Blitz"]
[Site "Chess.com"]
[Date "2021.04.20"]
[Round "11"]
[White "1Hf3"]
[Black "manuelsobrinho"]
[Result "0-1"]
[WhiteElo "1984"]
[BlackElo "2131"]
[TimeControl "180+1"]
[EndTime "12:05:53 PDT"]
[Termination "manuelsobrinho won by resignation"]

1. d4 Nf6 2. c4 e6 3. Nf3 d5 4.
Nc3 Bd6 5. Bg5 c6 6. Be3 dxc4 7.
Bg5 b5 8. e4 Be7 9. Qc2 Bb7 10.
a4 a6 11. b3 b4 12. Na2 c3 13.
a5 c5 14. e5 Nd5 15. Bxe7 Kxe7 16. dxc5 Qxa5 17. Bc4 Qxc5 18. O-O Nd7 19. Nc1 Nf4 20. Nd3 Nxd3 21. Qxd3 Nxe5 22. Nxe5 Qxe5 23. Bxa6 Qd5 24. Qxd5 Bxd5 25. Bc4 Bxc4 26. bxc4 b3 27. Rab1 b2 28. c5 Rhb8 29. c6 c2 30. c7 cxb1=Q 31. cxb8=Q Qxf1+ 32. Kxf1 Rxb8 33. Ke2 0-1

[Event "*** Titled Tuesday Blitz"]
[Site "Chess.com"]
[Date "2021.04.20"]
[Round "11"]
[White "vanyakuba"]
[Black "Pelopidass"]
[Result "1/2-1/2"]
[WhiteElo "2406"]
[BlackElo "2547"]
[TimeControl "180+1"]
[EndTime "12:05:54 PDT"]
[Termination "Game drawn by repetition"]

1. e4 c5 2. c3 d5 3. exd5 Qxd5 4. d4 Nc6 5. Nf3 Bf5 6. Be3 Nf6 7. c4 Qd8 8. d5 Nb4 9. Na3 Qa5 10. Bd2 e6 11. Be2 Be7 12. O-O Rd8 13. Nb5 a6 14. d6 axb5 15.
dxe7 Kxe7 16. a3 Rxd2 17. Qxd2 Nc6 18. Qxa5 Nxa5 19. cxb5 Nb3 20. Rad1 Bc2 21. Rde1 Rd8 22. Bd1 Bxd1 23. Rxd1 Nd4 24. Nxd4 cxd4 25. Rfe1 Rd5 26. a4 Nd7 27. Re4 e5 28. f4 f5 29. Rxe5+ Nxe5 30. fxe5 Ke6 31. Re1 d3 32. Kf2 d2 33.
Rd1 Kxe5 34. Ke3 f4+ 35. Ke2 Rd4 36. b3 Rb4 37. Rb1 Rd4 38. Rd1 Rb4 39. Rb1 Rd4 40. Rd1 1/2-1/2

[Event "*** Titled Tuesday Blitz"]
[Site "Chess.com"]
[Date "2021.04.20"]
[Round "11"]
[White "bricolageur"]
[Black "anon481216"]
[Result "1/2-1/2"]
[WhiteElo "2401"]
[BlackElo "2538"]
[TimeControl "180+1"]
[EndTime "12:05:56 PDT"]
[Termination "Game drawn by repetition"]

1. e4 c5 2. Nf3 d6 3. d4 cxd4 4.
Nxd4 Nf6 5. Nc3 a6 6. Bc4 e6 7. a3 b5 8. Ba2 Be7 9. g4 O-O 10. g5 Ne8 11. Rg1 Bd7 12. Rg3 Nc6 13. Be3 g6 14. f4 Ng7 15. Nxc6 Bxc6 16. Qg4 Qc8 17. O-O-O a5 18. Bd4 b4 19. Qh4 Nh5 20. f5 bxc3 21. Rxc3 Qd7 22. fxe6 fxe6 23. Rxc6 Qxc6 24. Bxe6+ Rf7 25.
Rf1 Rf8 26. Qg4 Ng7 27. Ba2 Qe8 28. Qf4 Nh5 29. Qg4 Ng7 30. Qf4 Nh5 31. Qg4 a4 32. Bd5 Ng7 33. Qf4 Nh5 34. Qg4 Ng7 35. Qf4 Nh5 36.
Qg4 1/2-1/2

[Event "*** Titled Tuesday Blitz"]
[Site "Chess.com"]
[Date "2021.04.20"]
[Round "11"]
[White "KubaGepard"]
[Black "AlexPapasimakopoulos"]
[Result "1-0"]
[WhiteElo "2432"]
[BlackElo "2573"]
[TimeControl "180+1"]
[EndTime "12:05:56 PDT"]
[Termination "KubaGepard won by checkmate"]

1. d4 e6 2. Nf3 Nf6 3. Bf4 c5 4.
e3 Qb6 5. Na3 d5 6. Nb5 Na6 7.
c3 Bd7 8. a4 Be7 9. Ne5 O-O 10.
Nxd7 Nxd7 11. dxc5 Naxc5 12. Be2 a6 13. a5 Qc6 14.
Nd4 Qc8 15. Bg3 Ne4 16. f3 Nxg3 17. hxg3 Qc7 18. Kf2 h6 19. Qd3 Nc5 20. Qc2 Rac8 21. g4 Bf6 22. Rh5 e5 23. Nf5 e4 24. f4 Qd7 25.
Rah1 Rfd8 26. Ng3 Be7 27. g5 Bf8 28. gxh6 g6 29. R5h4 f5 30. Qd1 Ne6 31. Bf1 Kh7 32. Ne2 Be7 33. R4h2 Bf6 34. g3 Rg8 35. Qd2 g5 36.
Bh3 g4 37. Bf1 Nc5 38. Nd4 Bxd4 39. Qxd4 Qd6 40. Be2 Nb3 41. Qg7+ Rxg7 42. hxg7+ Kxg7 43. Rh7+ Kg8 44. Rh8+ Kg7 45. Rxc8 d4 46. Rch8 dxe3+ 47. Kg2 Qd2 48. R1h7+ Kf6 49. Rh6+ Ke7 50. R6h7+ Ke6 51. Kf1 Nc1 52. Bc4+ Kf6 53. Rh6+ Kg7 54. R8h7+ Kf8 55.
Rf7+ Ke8 56. Rh8# 1-0

[Event "*** Titled Tuesday Blitz"]
[Site "Chess.com"]
[Date "2021.04.20"]
[Round "11"]
[White "MateusViageiro"]
[Black "MrChampion_Coach"]
[Result "0-1"]
[WhiteElo "2283"]
[BlackElo "2407"]
[TimeControl "180+1"]
[EndTime "12:05:56 PDT"]
[Termination "MrChampion_Coach won by resignation"]

1. e4 c5 2. Nf3 d6 3. d4 cxd4 4.
Nxd4 Nf6 5. Nc3 a6 6. Bg5 e6 7. f4 h6 8. Bh4 Qb6 9. a3 Be7 10. Bf2 Qc7 11. Qf3 b5 12. O-O-O Bb7 13. g4 Nbd7 14. g5 hxg5 15. fxg5 Ne5 16. Qg2 Nfg4 17.
g6 Nxf2 18. gxf7+ Kxf7 19. Qxf2+ Bf6 20. Bxb5 axb5 21. Ndxb5 Qb8 22. Nxd6+ Ke7 23. Rhg1 Ra6 24. Ncb5 Rc6 25. Kb1 Ba6 26. a4 Rd8 27. Rxg7+ Bxg7 28. Qh4+ Kf8 29. Rf1+ Kg8 30. Rg1 Rd7 31. Qf6 Rcxd6 32.
Nxd6 Qxd6 33. Qg5 Bc4 34. b3 Nf3 35. Qxg7+ Rxg7 36. Rxg7+ Kxg7 37. bxc4 Qb4+ 38. Kc1 Nd2 39. c5 Nc4 40. c6 Qd2+ 41. Kb1 Qd1+ 42. Ka2 Qxc2+ 0-1

[Event "*** Titled Tuesday Blitz"]
[Site "Chess.com"]
[Date "2021.04.20"]
[Round "11"]
[White "mishanick"]
[Black "dretch"]
[Result "1-0"]
[WhiteElo "2976"]
[BlackElo "2799"]
[TimeControl "180+1"]
[EndTime "12:05:57 PDT"]
[Termination "mishanick won on time"]

1. e4 e6 2. d4 d5 3. Nc3 Nf6 4. e5 Nfd7 5. f4 c5 6. Nf3 Nc6 7. Be3 cxd4 8. Nxd4 Bc5 9. Qd2 O-O 10. Be2 Qe7 11. O-O f6 12. exf6 Nxf6 13. Nxc6 bxc6 14. Bxc5 Qxc5+ 15. Kh1 Qb4 16. a3 Qb8 17. Qd4 Qxb2 18. Bd3 Qb6 19. Qe5 Qb8 20. Qg5 Qd6 21. Rf3 Rb8 22.
Re1 Rb7 23. a4 Qb4 24. Qh4 d4 25. Ne4 h6 26. h3 Nxe4 27. Rxe4 Qxa4 28. Rg3 Qa1+ 29.
Kh2 Rb1 30. Rg6 e5 31. Qe7 Rh1+ 32. Kg3 Rxh3+ 33. Kf2 Rf7 34. Qe8+ Rf8 35. Qxe5 Rf7 36. Qe8+ Rf8 37. Bc4+ Kh7 38. Rxg7+ Kxg7 39. Re7+ Kf6 40. Qxf8+ 1-0

[Event "*** Titled Tuesday Blitz"]
[Site "Chess.com"]
[Date "2021.04.20"]
[Round "11"]
[White "fabianvivasz"]
[Black "NoboaKevin1999"]
[Result "0-1"]
[WhiteElo "2343"]
[BlackElo "2455"]
[TimeControl "180+1"]
[EndTime "12:05:57 PDT"]
[Termination "NoboaKevin1999 won on time"]

1. c4 e5 2. Nc3 Nf6 3. Nf3 Nc6 4. e4 Bb4 5. d3 d6 6. a3 Bxc3+ 7. bxc3 h6 8. g3 Ne7 9. Bg2 O-O 10. Nh4 c6 11. O-O d5 12. cxd5 cxd5 13. f4 dxe4 14. fxe5 Nd7 15. d4 f5 16. exf6 Nxf6 17. Bf4 Ned5 18. Be5 Be6 19. Qe1 Rc8 20. Ng6 Re8 21. Bxe4 Bh3 22. Rf2 Rxc3 23. Bxf6 Nxf6 24. Qxc3 Nxe4 25. Qb3+ Be6 26. Qf3 Nxf2 27. Qxf2 Qg5 28. Nf4 Bf7 29. Re1 Rxe1+ 30. Qxe1 Qf5 31. Qe5 Qb1+ 32. Kf2 Qb2+ 33. Qe2 Qxa3 34. d5 Qd6 35. Qc4 a5 36. Qc7 Qxc7 0-1

[Event "*** Titled Tuesday Blitz"]
[Site "Chess.com"]
[Date "2021.04.20"]
[Round "11"]
[White "ajedrez1101"]
[Black "Zmof"]
[Result "0-1"]
[WhiteElo "2160"]
[BlackElo "2250"]
[TimeControl "180+1"]
[EndTime "12:05:57 PDT"]
[Termination "Zmof won on time"]

1. b3 c5 2. Bb2 Nc6 3. e3 Nf6 4. Bb5 d6 5. Nf3 Bd7 6. O-O e6 7. d4 cxd4 8. Nxd4 Nxd4 9. Bxd7+ Qxd7 10. Qxd4 Be7 11. c4 O-O 12. Nc3 Rfd8 13. Rfd1 Ne8 14. Ne4 Qc6 15. Rac1 a6 16. Ba3 Rd7 17. Rd2 Rad8 18.
Rcd1 b5 19. Bb4 bxc4 20. bxc4 Rc8 21. h3 Qxc4 22. Nxd6 Bxd6 23. Qxc4 Rxc4 24. Bxd6 f6 25. Bb8 Rxd2 26. Rxd2 Rc1+ 27. Kh2 Rc8 28. Bd6 Kf7 29. Kg3 Rd8 30. Bb4 Rxd2 31. Bxd2 e5 32. Kf3 f5 33. e4 g6 34. g4 Ke6 35. exf5+ gxf5 36. gxf5+ Kxf5 37. Bb4 Nf6 38. Be7 e4+ 39. Ke2 Nd5 40. Bb4 h5 0-1

[Event "*** Titled Tuesday Blitz"]
[Site "Chess.com"]
[Date "2021.04.20"]
[Round "11"]
[White "PavelShkapenko"]
[Black "Vanina1989"]
[Result "0-1"]
[WhiteElo "2706"]
[BlackElo "2798"]
[TimeControl "180+1"]
[EndTime "12:05:58 PDT"]
[Termination "Vanina1989 won by resignation"]

1. e4 c6 2. d4 d5 3. exd5 cxd5 4. Bd3 Nc6 5. c3 Nf6 6. Bf4 g6 7. Nf3 Bf5 8. Bb5 Qb6 9. Qa4 a6 10. Bxc6+ bxc6 11. Ne5 Rc8 12. Qb3 Qa7 13. Qa4 Bg7 14. Nd2 O-O 15. Nb3 Ne4 16. f3 Nd6 17. O-O Bxe5 18. Bxe5 Nc4 19. Kh1 Nxb2 20. Qa3 Nc4 21. Qc1 Nxe5 22. dxe5 c5 23. Qe3 Rfd8 24. Rfd1 Qb6 25.
Rd2 a5 26. Rad1 a4 27. Nc1 d4 28. cxd4 cxd4 29. Qf2 Qc5 30. Ne2 d3 31. Ng3 Qxe5 32. f4 Qd5 33. Qe3 e6 34. h3 Qd4 35. Qxd4 Rxd4 36. Nxf5 gxf5 37. Rxd3 Rxf4 38. R1d2 Kg7 39. Kh2 Kf6 40. Rd7 h5 41. Ra7 h4 42. Rdd7 Rf8 43.
Rdb7 Rd4 44. Ra5 Rg8 45. Raa7 Rd2 46. Rxf7+ Ke5 47. Ra5+ Kd6 48. Ra6+ Kc5 0-1

[Event "*** Titled Tuesday Blitz"]
[Site "Chess.com"]
[Date "2021.04.20"]
[Round "11"]
[White "halldorgretar"]
[Black "DKmirl"]
[Result "0-1"]
[WhiteElo "2105"]
[BlackElo "1897"]
[TimeControl "180+1"]
[EndTime "12:05:58 PDT"]
[Termination "DKmirl won on time"]

1. d4 d5 2. Nf3 c6 3. c4 Nf6 4. Nc3 g6 5. g3 Bg7 6. Bg2 O-O 7. O-O Bf5 8. Qb3 Be4 9. Qxb7 Nbd7 10. Qxc6 Rc8 11.
Qa6 Rxc4 12. Qxa7 Nb8 13. Nxe4 Nxe4 14. Be3 Nc6 15. Qa3 Nxd4 16. Nxd4 Bxd4 17. Bxd4 Rxd4 18. Rfd1 Qb6 19. Qe3 Rxd1+ 20. Rxd1 Qxb2 21. Rxd5 Qb1+ 22. Bf1 Nf6 23. Rd2 Qc1 24. Qd4 Rb8 25. Rd1 Qc2 26.
a4 Ra8 27. Ra1 Ne8 28. a5 Nd6 29. a6 Qc7 30. a7 Nb5 31. Qe4 Rxa7 32. Rb1 Nd6 0-1

[Event "*** Titled Tuesday Blitz"]
[Site "Chess.com"]
[Date "2021.04.20"]
[Round "11"]
[White "draksbg"]
[Black "superchess02"]
[Result "0-1"]
[WhiteElo "2577"]
[BlackElo "2748"]
[TimeControl "180+1"]
[EndTime "12:06:00 PDT"]
[Termination "superchess02 won by checkmate"]

1. e4 c5 2. Nf3 d6 3. Bb5+ Nd7 4.
O-O a6 5. Bd3 b5 6. c4 bxc4 7.
Bxc4 Ngf6 8. Nc3 Bb7 9. d4 cxd4 10. Nxd4 e6 11. Re1 Rc8 12. Bb3 Nc5 13. Bc2 Be7 14. f4 O-O 15. Kh1 d5 16. e5 Nfe4 17.
Nxe4 dxe4 18. Be3 Qd5 19. Qg4 f5 20. exf6 Rxf6 21. Rad1 Rg6 22. Qh3 Rh6 23. Qg4 Rh4 24. Qg3 Qh5 25. Nxe6 Nxe6 26. Bb3 Rc6 27. Rd7 Rg4 28.
Qh3 Rh4 29. Bxe6+ Kf8 30. Qg3 Bc8 31. Rxe7 Kxe7 32. Bxc8 Rxc8 33. Qxg7+ Ke6 34. Bd4 Rxh2+ 35. Kg1 Rh1+ 36. Kf2 Rc2+ 37. Kg3 Qh4# 0-1

[Event "*** Titled Tuesday Blitz"]
[Site "Chess.com"]
[Date "2021.04.20"]
[Round "11"]
[White "scarabee43"]
[Black "AshotParvanyan"]
[Result "1-0"]
[WhiteElo "2644"]
[BlackElo "2526"]
[TimeControl "180+1"]
[EndTime "12:06:01 PDT"]
[Termination "scarabee43 won by resignation"]

1. d4 Nf6 2. c4 g6 3. Nc3 Bg7 4. e4 d6 5. Nf3 O-O 6. Be2 e5 7. O-O Nc6 8. d5 Ne7 9. b4 a5 10. bxa5 Rxa5 11. a4 Nh5 12. g3 h6 13. Ba3 b6 14. Bb4 Ra8 15. a5 bxa5 16. Rxa5 Rb8 17. Rb5 Bh3 18. Re1 f5 19. exf5 Nxf5 20. Nd2 Nd4 21. Rxb8 Qxb8 22. Nb5 Nf6 23. Nf3 Nxe2+ 24. Qxe2 Bg4 25. h3 Bxh3 26. Nh4 Kh7 27. Ba5 g5 28. Bxc7 Qc8 29. Nf3 Qg4 30. Bxd6 Re8 31. Nxe5 Qxe2 32.
Rxe2 Ng4 33. f4 gxf4 34. gxf4 h5 35. Nc7 Rc8 36. Nxg4 Bxg4 37. Re7 Kg6 38. Be5 Bf8 39. Re8 Bc5+ 40. Kg2 h4 41. Rxc8 Bxc8 42. Ne6 Kf5 43. Nxc5 Kg4 44. d6 h3+ 45. Kh2 Kf5 46. d7 1-0

[Event "*** Titled Tuesday Blitz"]
[Site "Chess.com"]
[Date "2021.04.20"]
[Round "11"]
[White "kai_nov"]
[Black "CM_rui"]
[Result "0-1"]
[WhiteElo "2303"]
[BlackElo "2447"]
[TimeControl "180+1"]
[EndTime "12:06:01 PDT"]
[Termination "CM_rui won on time"]

1. d4 Nf6 2. c4 e6 3. Nc3 Bb4 4. f3 O-O 5. e4 d6 6. Ne2 Qe7 7. a3 Bxc3+ 8. Nxc3 e5 9. Bg5 c6 10. d5 c5 11. Qd2 h6 12. Bh4 a6 13. Bd3 Nbd7 14.
g4 Re8 15. Qf2 g5 16. Bg3 Kg7 17. h4 Nh7 18. hxg5 Nxg5 19. O-O-O b5 20. cxb5 axb5 21. Bxb5 Qf6 22. f4 exf4 23. Bxf4 Qg6 24. Bxd7 Bxd7 25.
e5 dxe5 26. Be3 c4 27. Rh2 Bxg4 28. Rg1 h5 29. Rhg2 Nh3 30. Qh4 Nxg1 31. Rxg1 Ra6 32. Qg3 Qd3 33. Qf2 Rf6 34. Qd2 Rf1+ 35. Rxf1 Qxf1+ 36. Nd1 c3 37. bxc3 Rb8 38. c4 Bf5 0-1

[Event "*** Titled Tuesday Blitz"]
[Site "Chess.com"]
[Date "2021.04.20"]
[Round "11"]
[White "Sanyura"]
[Black "Manukyan_Artak"]
[Result "1-0"]
[WhiteElo "2600"]
[BlackElo "2434"]
[TimeControl "180+1"]
[EndTime "12:06:03 PDT"]
[Termination "Sanyura won on time"]

1. e4 c6 2. Nf3 d5 3. Nc3 Bg4 4. h3 Bxf3 5. Qxf3 Nf6 6. g3 e5 7.
Bg2 d4 8. Nb1 c5 9. d3 Nc6 10.
O-O Bd6 11. Nd2 O-O 12. g4 Nd7 13. a3 Re8 14. Qg3 Nf8 15. Nc4 Ne6 16. h4 Nf4 17. Bxf4 exf4 18. Qh3 Ne5 19. Nxe5 Bxe5 20. g5 b5 21. Qg4 Qc8 22. Bh3 Qxg4+ 23. Bxg4 g6 24. Bd7 Re7 25. Bxb5 Rb8 26. Bc4 Rxb2 27. Bb3 Rc7 28.
Kg2 c4 29. Bxc4 Rxc2 30. Rab1 Kg7 31. Rb5 Bd6 32. Rfb1 R2xc4 33. dxc4 Rxc4 34. Rd5 Bxa3 35. Rb7 d3 36. Rxd3 Bc5 37. Rdd7 Rc2 38. Rxf7+ Kg8 39. Rg7+ Kf8 40. Rxh7 Rxf2+ 41. Kh3 1-0

[Event "*** Titled Tuesday Blitz"]
[Site "Chess.com"]
[Date "2021.04.20"]
[Round "11"]
[White "guillembaches"]
[Black "Andrii_Prydun"]
[Result "1-0"]
[WhiteElo "2519"]
[BlackElo "2349"]
[TimeControl "180+1"]
[EndTime "12:06:05 PDT"]
[Termination "guillembaches won by resignation"]

1. e4 d5 2. exd5 Qxd5 3. Nc3 Qd6 4. d4 Nf6 5. Nf3 c6 6. h3 Bf5 7. Bd3 Bxd3 8. Qxd3 Nbd7 9. Ne4 Qd5 10. Nxf6+ Nxf6 11. O-O e6 12. c4 Qd8 13. Bf4 Bd6 14. Be5 Bxe5 15. Nxe5 O-O 16. Rad1 Nd7 17. f4 Nxe5 18. dxe5 Qb6+ 19. Qd4 Rfd8 20. Qxb6 axb6 21. Kf2 Kf8 22. a3 Ke7 23. Ke2 h5 24. g3 g6 25. Ke3 Rxd1 26.
Rxd1 Ra4 27. Rd4 c5 28. Rd6 Ra6 29. Kd3 Ke8 30. Kc3 Ke7 31. g4 hxg4 32. hxg4 Ke8 33. Kb3 Ke7 34. a4 f6 35. g5 fxe5 36. fxe5 Kf7 37. Ka3 Ke7 38. b3 Kf7 39. Kb2 Ke7 40. Kc3 Kf7 41. Rd7+ Ke8 42. Rxb7 Kf8 43. Kb2 Ke8 44.
Ka3 Kf8 45. Ka2 Ke8 46. Rg7 Ra8 47. Rg8+ 1-0

[Event "*** Titled Tuesday Blitz"]
[Site "Chess.com"]
[Date "2021.04.20"]
[Round "11"]
[White "tteshan"]
[Black "PawnEatingZombie"]
[Result "1-0"]
[WhiteElo "2248"]
[BlackElo "2168"]
[TimeControl "180+1"]
[EndTime "12:06:06 PDT"]
[Termination "tteshan won on time"]

1. d4 d5 2. c4 e6 3. Nc3 Bb4 4. e3 Nf6 5. Nf3 O-O 6. Bd3 c5 7. O-O dxc4 8. Bxc4 Nc6 9. a3 Ba5 10. Ba2 Qe7 11. Qe2 h6 12. Rd1 Rd8 13. Qc4 Bxc3 14. bxc3 Na5 15. Qe2 b6 16. e4 Bb7 17. e5 Nh7 18. Ne1 Rac8 19. Qg4 Kh8 20. Bf4 cxd4 21. cxd4 Bd5 22. Bb1 Nb3 23. Ra2 Nxd4 24. Rxd4 Bxa2 25. Rxd8+ Qxd8 26. Bxa2 Qd4 27. g3 Rc1 28. Qe2 Ra1 29. Bb3 Qc3 30. Bd2 Qxb3 31. Kg2 Qd5+ 32. f3 Ra2 33. Nd3 Ng5 34. h4 Nh7 35. Kh3 Nf8 36. Qe3 Ng6 37. Nb4 1-0

[Event "*** Titled Tuesday Blitz"]
[Site "Chess.com"]
[Date "2021.04.20"]
[Round "11"]
[White "Keks2017"]
[Black "QuintilianoR"]
[Result "1-0"]
[WhiteElo "2464"]
[BlackElo "2647"]
[TimeControl "180+1"]
[EndTime "12:06:08 PDT"]
[Termination "Keks2017 won on time"]

1. g3 d5 2. Bg2 Nf6 3. d3 e6 4. Nf3 Be7 5. O-O O-O 6. Nbd2 c5 7. e4 Nc6 8. Re1 b5 9. e5 Nd7 10. Nf1 a5 11. h4 Re8 12. h5 h6 13. a4 b4 14. c3 Ba6 15. N1h2 bxc3 16. bxc3 Rb8 17.
Ng4 Bf8 18. Bf1 d4 19. c4 Bb7 20. Bg2 Nb4 21. Bf4 Bc6 22. Ra3 Rb6 23. Nd2 Bxg2 24. Kxg2 f5 25. exf6 Nxf6 26. Nxf6+ Qxf6 27. Ne4 Qf5 28.
Bc7 Ra6 29. Bf4 e5 30. Bc1 Be7 31. Qe2 Rf8 32. Rf1 Qd7 33. f4 exf4 34. Rxf4 Rxf4 35. Bxf4 Qf5 36. Ra1 Re6 37. Re1 Kf8 38. Kg1 Qh3 39. Qf3 Kg8 40. Re2 Qf5 41. Kg2 Qf7 42. Nf2 Rxe2 43.
Qxe2 Bf8 44. Qe5 Qb7+ 45. Kg1 Qc6 46. Qb8 Qxa4 47. Bd6 1-0

[Event "*** Titled Tuesday Blitz"]
[Site "Chess.com"]
[Date "2021.04.20"]
[Round "11"]
[White "TeukkaSalama"]
[Black "Aslanov_Umid"]
[Result "1/2-1/2"]
[WhiteElo "2384"]
[BlackElo "2451"]
[TimeControl "180+1"]
[EndTime "12:06:08 PDT"]
[Termination "Game drawn by repetition"]

1. d4 d5 2. Bf4 Nf6 3. e3 Bf5 4. c4 e6 5. Nc3 c6 6. Qb3 Qb6 7. c5 Qxb3 8. axb3 Nbd7 9. b4 Nh5 10. Bc7 Be7 11. Be2 Nhf6 12. f4 O-O 13. Nf3 a6 14.
O-O Ng4 15. Nd1 Bc2 16. Ra3 Bxd1 17. Rxd1 Rac8 18. Bd6 Bxd6 19. cxd6 Rfd8 20. Nd2 Ngf6 21. Nb3 Ne4 22. Na5 Nxd6 23. Rc1 Nf6 24. Bd3 Nfe4 25. Bxe4 dxe4 26. Kf2 f6 27. Rac3 Kf7 28. g4 e5 29.
dxe5 fxe5 30. fxe5 Nb5 31. Rc4 Rd2+ 32. Kg3 Ke6 33.
Rxe4 Rxb2 34. Nxb7 Kd5 35. Rf4 Kxe5 36. Rc5+ Ke6 37.
Re4+ Kd7 38. Rf5 Kc7 39. Nc5 Rd2 40. Rf7+ Kb8 41. Nxa6+ Ka8 42. Ree7 Rcd8 43. Ra7+ Nxa7 44. Nc7+ Kb8 45. Na6+ Ka8 46. Nc7+ Kb8 47. Na6+ Ka8 1/2-1/2

[Event "*** Titled Tuesday Blitz"]
[Site "Chess.com"]
[Date "2021.04.20"]
[Round "11"]
[White "Mbneu"]
[Black "shineatchess"]
[Result "0-1"]
[WhiteElo "2299"]
[BlackElo "2241"]
[TimeControl "180+1"]
[EndTime "12:06:09 PDT"]
[Termination "shineatchess won on time"]

1. d4 f5 2. c4 Nf6 3. g3 g6 4.
Bg2 Bg7 5. Nc3 O-O 6. f4 c5 7. d5 d6 8. Nf3 Na6 9. O-O Nc7 10. e4 Nxe4 11. Nxe4 fxe4 12. Ng5 Bd4+ 13. Kh1 b5 14.
Bxe4 Qe8 15. Ne6 Nxe6 16. dxe6 Bxe6 17. cxb5 Qxb5 18. Qf3 Rac8 19. Be3 Bxe3 20. Qxe3 Rf6 21. Rad1 Qxb2 22. Rf2 Qb4 23. Rfd2 Qa4 24. Bb7 Rc7 25.
Bg2 Bf7 26. g4 Re6 27. Qg3 c4 28. Bd5 Rf6 29. g5 Bxd5+ 30. Rxd5 Rf7 31. f5 c3 32. fxg6 hxg6 33. Qd3 Kh7 34. Rd4 Qc6+ 35. Kg1 Kg7 36. Rh4 Qc5+ 0-1

[Event "*** Titled Tuesday Blitz"]
[Site "Chess.com"]
[Date "2021.04.20"]
[Round "11"]
[White "dhaessel"]
[Black "yonaltimur"]
[Result "0-1"]
[WhiteElo "2043"]
[BlackElo "1777"]
[TimeControl "180+1"]
[EndTime "12:06:09 PDT"]
[Termination "yonaltimur won by checkmate"]

1. d4 d5 2. c4 dxc4 3. e4 Nf6 4. e5 Nd5 5. Bxc4 Bf5 6. Nf3 e6 7. O-O Be7 8. Nc3 c6 9. a3 Nd7 10. b4 Nxc3 11. Qb3 Nd5 12. Rd1 O-O 13. a4 N7b6 14. Bf1 Nxb4 15. a5 N6d5 16. Bd2 Bc2 17. Qb2 Bxd1 18. Rxd1 Qxa5 19. Ra1 Qc7 20. h4 a5 21. g3 a4 22. Ra3 b5 23. h5 h6 24.
Ne1 Na6 25. Ra1 a3 26. Qb3 b4 27. Nd3 c5 28. Rc1 Rfc8 29. dxc5 Nxc5 30. Qc4 a2 31. Nxb4 Nxb4 32. Qxb4 a1=Q 33. Rxa1 Rxa1 34. Bc3 Rb8 35. Qc4 Rc1 36. Kg2 Rbb1 37. Be2 Rg1+ 38. Kh2 Rh1+ 39. Kg2 Qc6+ 40. f3 Rbg1+ 41. Kf2 Qb6 42. Bd4 Qa5 43.
Bc3 Qa3 44. Bb4 Qc1 45. Qxc1 Rxc1 46. Ke3 Bf8 47. Bd2 Ra1 48. Bc3 Ra3 49. Kd4 Nb3+ 50. Kc4 Na5+ 51. Bxa5 Rxa5 52. g4 Rc5+ 53. Kd4 Rh2 54.
Bd3 Rd2 55. Ke3 Rd1 56. f4 Rc3 57. Ke2 Rcxd3 58. g5 R1d2+ 59. Ke1 Ra2 60. gxh6 Rb3 61. f5 Rb1# 0-1

[Event "*** Titled Tuesday Blitz"]
[Site "Chess.com"]
[Date "2021.04.20"]
[Round "11"]
[White "Didici"]
[Black "Jenia84"]
[Result "1/2-1/2"]
[WhiteElo "2580"]
[BlackElo "2422"]
[TimeControl "180+1"]
[EndTime "12:06:10 PDT"]
[Termination "Game drawn by repetition"]

1. e4 e5 2. Ke2 Nc6 3. d3 d5 4.
Nc3 Nf6 5. Bg5 Be6 6. g3 d4 7. Nb1 h6 8. Bxf6 Qxf6 9. Bh3 g5 10. Bxe6 fxe6 11. Nf3 O-O-O 12. Nbd2 h5 13. Nc4 Bh6 14. Qg1 Rhf8 15. Nfd2 g4 16. Rf1 b5 17. Na3 a6 18.
Nab1 Nb4 19. Kd1 Qe7 20. a3 Nc6 21. h3 Bg5 22. hxg4 hxg4 23. Rh5 Rh8 24. Qh2 Qg7 25.
Rh1 Rhf8 26. Nb3 Qf6 27. Qg2 Rf7 28. Nc5 a5 29. Rh7 Rdf8 30. Rxf7 Qxf7 31. Ke2 a4 32. b4 Be7 33. Nd2 Bxc5 34. bxc5 Qe7 35. Qh2 Qxc5 36. Qh6 Kb7 37. Qxe6 Qxc2 38. Rb1 Rxf2+ 39. Kxf2 Qxd2+ 40. Kg1 Qe3+ 41. Kg2 Qf3+ 42. Kh2 Qf2+ 43. Kh1 Qf3+ 44. Kh2 Qe2+ 45. Kg1 Qe3+ 46. Kg2 Qf3+ 47. Kh2 1/2-1/2